Cogmind - Beta 11 @@@ ROGUE MODE // 2022.03.18 @ 14:58:04 Player: szymekc Result: Core destroyed Performance ------------- Evolutions (5) 2500 Regions Visited (15) 3000 Robots Destroyed (96) 480 Value Destroyed (3555) 3555 Prototype IDs (214) 4280 Alien Tech Used (1) 200 Bonus (3676) 3676 TOTAL SCORE: 17691 Bonus ------- High Alert Combat Kills 41 Follower Combat Kills 455 Met Data Miner 300 Used Data Conduit 3000 Friendly Fire -120 Cogmind --------- Core Integrity 0/1000 Matter 124/300 Energy 496/600 System Corruption 2% Temperature Cool (0) Movement Core (50) Location -5/Upper Caves Parts ------- > --- POWER (1) -------- (None) > --- PROPULSION (4) --- (None) > --- UTILITY (8) ------ Advanced Energy Well > --- WEAPON (4) ------- (None) > --- INVENTORY (5) ---- Neutrino Core Advanced Heat Sink Thermal Shield Peak State ------------ > --- POWER ------------ Light Angular Momentum Engine > --- PROPULSION ------- Carbon-fiber Leg Carbon-fiber Leg Flexi-carbon Leg Enhanced Flexi-carbon Leg > --- UTILITY ---------- Advanced Heat Sink High-capacity Storage Unit Advanced Signal Interpreter Core Analyzer Layered Heavy Armor Plating Hacking Suite Improved Hacking Suite > --- WEAPON ----------- Neutron Cannon KE Penetrator KE Penetrator Enhanced Gauss Cannon > --- INVENTORY -------- Neutrino Core Carbon-fiber Leg Carbon-fiber Leg Flexi-carbon Leg Flexi-carbon Leg Advanced Heat Sink Energy Well Advanced Energy Well High-capacity Matter Pod Improved Sensor Array Advanced Terrain Scan Processor Advanced Particle Charger Layered Medium Armor Plating Focal Shield Thermal Shield EM Disruption Field Improved System Shield Tesla Rifle Heavy Missile Launcher Axe [Rating: 92] Favorites ----------- Power Antimatter Reactor Engine Light Angular Momentum Engine Power Core Nuclear Core Reactor Antimatter Reactor Propulsion Heavy Treads Treads Heavy Treads Leg Carbon-fiber Leg Wheel Compact Wheel Utility Improved Heat Sink Device Improved Heat Sink Storage High-capacity Storage Unit Processor Advanced Signal Interpreter Hackware Hacking Suite Protection Layered Medium Armor Plating Weapon Gauss Rifle Energy Gun Beamcaster Energy Cannon Neutron Cannon Ballistic Gun Gauss Rifle Ballistic Cannon Enhanced Gauss Cannon Launcher Heavy Missile Launcher Slashing Weapon Axe Build | -11 -10 -10 -9 -8 -7 -7 -7 -6 -6 -6 -6 -5 -5 -5 -5 ------- Run | Scr Mat Min Mat Mat Fac Was Fac Fac Low Low Dat Pro Fac Upp Upp Slots Evolved 10 | . . . 2 2 2 . . 2 . . . . 2 . . Power . | . . . . . . . . . . . . . . . . Propulsion 2 | . . . 1 . 1 . . . . . . . . . . Utility 6 | . . . 1 1 1 . . 2 . . . . 1 . . Weapon 2 | . . . . 1 . . . . . . . . 1 . . Parts Attached 125 | . 1 2 21 9 1 6 4 16 2 . 11 2 37 4 9 Power 8 | . . . 2 1 . 1 . . . . 2 . 1 . 1 Engine 3 | . . . 2 . . . . . . . . . 1 . . Core 3 | . . . . 1 . . . . . . 1 . . . 1 Reactor 2 | . . . . . . 1 . . . . 1 . . . . Propulsion 25 | . . 1 6 3 . 2 . . . . . . 9 1 3 Treads 4 | . . . . . . 2 . . . . . . 2 . . Leg 19 | . . . 6 3 . . . . . . . . 6 1 3 Wheel 2 | . . 1 . . . . . . . . . . 1 . . Hover . | . . . . . . . . . . . . . . . . Flight . | . . . . . . . . . . . . . . . . Utility 41 | . 1 . 5 2 1 . 3 8 2 . 5 1 10 1 2 Device 20 | . . . 2 1 1 . 1 4 1 . 3 1 5 1 . Storage 3 | . . . 1 . . . 1 . . . . . . . 1 Processor 2 | . . . . . . . . . 1 . . . 1 . . Hackware 3 | . . . . . . . 1 . . . . . 2 . . Protection 13 | . 1 . 2 1 . . . 4 . . 2 . 2 . 1 Artifact . | . . . . . . . . . . . . . . . . Weapon 51 | . . 1 8 3 . 3 1 8 . . 4 1 17 2 3 Energy Gun 15 | . . 1 4 . . 2 . 1 . . 1 . 4 1 1 Energy Cannon 7 | . . . 1 1 . 1 1 . . . 1 . 2 . . Ballistic Gun 12 | . . . 1 1 . . . 4 . . 1 . 5 . . Ballistic Cannon 2 | . . . . . . . . . . . . . 1 . 1 Launcher 8 | . . . 2 . . . . 2 . . 1 1 1 . 1 Special Weapon . | . . . . . . . . . . . . . . . . Impact Weapon . | . . . . . . . . . . . . . . . . Slashing Weapon 7 | . . . . 1 . . . 1 . . . . 4 1 . Piercing Weapon . | . . . . . . . . . . . . . . . . Special Melee Weapon . | . . . . . . . . . . . . . . . . Unidentified Prototypes 1 | . . . . . . . . . . . . . . . 1 Corrupted Parts 1 | . . . . . . . . . . . . . . . 1 System Corruption 1 | . . . . . . . . . . . . . . . 1 Parts Lost 27 | . . 5 2 . . . . 1 . . 4 . 6 . 9 Power 4 | . . 1 . . . . . . . . 1 . 1 . 1 Propulsion 8 | . . 1 . . . . . . . . . . 2 . 5 Utility 10 | . . 1 2 . . . . 1 . . 3 . 2 . 1 Weapon 5 | . . 2 . . . . . . . . . . 1 . 2 Highest Loss Streak 6 | . . 5 2 . . . . 1 . . 4 . 2 . 6 To Critical Strikes 1 | . . . . . . . . . . . . . 1 . . Average Slot Usage (%) 86 | . 88 97 93 98 92 83 74 73 80 80 83 86 95 94 89 Engine 2 | . 14 14 10 . . . . . . . . . . 5 4 Reactor 3 | . . . . . . 1 7 6 6 6 4 6 4 . . Treads 7 | . . . . . . 4 15 13 13 13 13 13 5 . . Leg 11 | . 28 26 26 27 23 16 . . . . . . 13 23 22 Device 14 | . . . 10 24 23 23 21 18 13 13 17 20 14 5 5 Storage 6 | . 14 14 11 9 7 7 7 6 6 6 6 6 5 5 5 Processor 4 | . . . . . . . . . 6 6 6 6 9 11 11 Hackware 2 | . . . . . . . 1 1 . . . . 7 11 10 Protection 8 | . 2 12 7 . 7 7 7 13 13 13 13 13 6 5 5 Energy Gun 6 | . . 8 11 9 7 11 7 2 6 6 4 6 6 1 8 Energy Cannon 3 | . . . 6 9 7 3 5 4 . . . . 4 3 . Ballistic Gun 7 | . 28 17 . 7 . . . 5 13 13 12 6 7 11 5 Naked Turns 3 | . . . . . . . . . . . . . . . 3 Heaviest Build 108 | 13 16 18 24 32 33 53 83 108 99 99 99 91 99 98 94 Greatest Support 140 | 20 20 20 30 35 35 140 140 140 140 140 140 140 140 78 78 Greatest Overweight (x) 9 | . . 1 1 . . 1 . . . . . . 9 1 1 Average Overweight (x) . | . . . . . . . . . . . . . 1 1 . Largest Inventory Capacity 20 | . 8 8 10 10 10 10 20 20 20 20 20 20 20 20 20 Average Capacity 17 | . 8 8 8 10 10 10 19 20 20 20 20 20 20 20 19 Most Carried 20 | . 8 8 10 10 10 10 20 20 20 20 20 20 20 20 20 Average Carried 16 | . 6 8 7 9 9 9 13 19 20 20 18 20 19 19 18 Final Capacity 20 | 8 8 8 10 10 10 10 20 20 20 20 20 20 20 20 5 Final Carried 20 | 6 8 8 10 10 10 8 20 20 20 20 20 20 20 20 3 Class Distribution -------------------- 55% | Scavenger-Tank 13% | Scavenger-Gunner 13% | Mutant 11% | Scavenger-Skirmisher 6% | Scavenger-Mutant Dominant Class ---------------- Mutant | -10/Materials Mutant | -10/Mines Mutant | -9/Materials Scavenger-Gunner | -8/Materials Mutant | -7/Factory Mutant | -7/Waste Scavenger-Tank | -7/Factory Scavenger-Tank | -6/Factory Scavenger-Tank | -6/Lower Caves Scavenger-Tank | -6/Lower Caves Scavenger-Tank | -6/Data Miner Scavenger-Tank | -5/Proximity Caves Scavenger-Tank | -5/Factory Scavenger-Skirmisher | -5/Upper Caves Scavenger-Skirmisher | -5/Upper Caves Resources | -11 -10 -10 -9 -8 -7 -7 -7 -6 -6 -6 -6 -5 -5 -5 -5 ----------- Run | Scr Mat Min Mat Mat Fac Was Fac Fac Low Low Dat Pro Fac Upp Upp Matter Collected 2614 | 173 31 54 253 139 . 315 28 297 . 107 205 . 717 237 58 Remotely . | . . . . . . . . . . . . . . . . Salvage Created 3243 | . 31 92 319 209 . 30 70 360 . 88 271 56 1418 175 124 Parts 179 | . 2 1 20 11 . 2 3 26 . 6 8 7 87 3 3 Haulers Intercepted 1 | . . . . . . . . . . . . . 1 . . Recyclers Shooed 3 | . . . . 1 . . 2 . . . . . . . . Parts Field Recycled . | . . . . . . . . . . . . . . . . Retrieved Matter . | . . . . . . . . . . . . . . . . Parts Self-Destructed 20 | . . . . . . . . . 1 8 . 6 . 2 3 Prevented 1 | . . . . . . . . . . . . . . 1 . Kills | -11 -10 -10 -9 -8 -7 -7 -7 -6 -6 -6 -6 -5 -5 -5 -5 ------- Run | Scr Mat Min Mat Mat Fac Was Fac Fac Low Low Dat Pro Fac Upp Upp Combat Hostiles Destroyed 82 | . 1 2 14 10 . . 1 12 . 3 4 4 25 3 3 Melee 1 | . . . . . . . . 1 . . . . . . . Guns 43 | . 1 2 4 8 . . 1 3 . 3 2 . 15 2 2 Cannons 12 | . . . 2 2 . . . 1 . . . . 5 1 1 AOE 23 | . . . 6 . . . . 6 . . 2 4 5 . . Classes Destroyed 12 | . 1 . 5 . . . . 1 . . . . 5 . . Worker 5 | . . . . . . . . . . . . . 5 . . Builder 3 | . . . . . . . . . . . . . 3 . . Hauler 1 | . . . . . . . . . . . . . 1 . . Operator 2 | . . . . . . . . . . . . . 2 . . Watcher 2 | . . . 1 . . . . 1 . . . . . . . Swarmer 35 | . . . 4 7 . . . 9 . 3 . 4 8 . . Grunt 23 | . 1 2 6 2 . . . . . . . . 7 2 3 Brawler 2 | . . . 1 . . . . . . . . . . 1 . Duelist 2 | . . . 1 . . . . . . . . . 1 . . Sentry 9 | . . . 2 1 . . 1 2 . . . . 3 . . Hunter 4 | . . . . . . . . . . . . . 4 . . Programmer 3 | . . . . . . . . 1 . . . . 2 . . Enhanced Grunt 4 | . . . . . . . . . . . 4 . . . . Wasp 1 | . . . . . . 1 . . . . . . . . . Best Kill Streak 12 | . 1 2 6 4 . . 1 3 . 3 3 4 12 3 3 Combat Bots Only 5 | . 1 2 5 4 . . 1 3 . 3 3 4 5 3 3 Max Kills in Single Turn 4 | . 1 1 3 1 . 1 1 2 . 1 2 4 4 2 2 Gunslinging . | . . . . . . . . . . . . . . . . Exploded 4 | . . . 3 . . . . 2 . . 1 4 4 . . Melee 1 | . . . . . . . . 1 . . . . . . . Uniques/NPCs Destroyed . | . . . . . . . . . . . . . . . . Combat | -11 -10 -10 -9 -8 -7 -7 -7 -6 -6 -6 -6 -5 -5 -5 -5 -------- Run | Scr Mat Min Mat Mat Fac Was Fac Fac Low Low Dat Pro Fac Upp Upp Damage Taken 8959 | . 20 819 589 265 . 32 112 787 . 129 1546 82 2364 95 2119 Core 1522 | . . 205 115 42 . . 22 25 . . 87 . 195 19 812 Absorbed by Shields . | . . . . . . . . . . . . . . . . Reduced by Siege Mode 132 | . . . . . . . . . . 4 116 . 12 . . Regen/Repaired (Parts) 41 | . . . . . . . 41 . . . . . . . . Core Remaining (%) 77 | 100 . 18 71 92 . . 96 . . . . 86 . . . Volleys Fired 177 | . 1 11 33 19 . 5 6 24 . 4 16 1 49 3 5 Largest 4 | . 2 2 2 3 . 2 2 3 . 3 3 1 4 4 4 Hottest 268 | . 40 40 133 156 . 150 185 185 . 131 138 39 268 213 220 Shots Fired 483 | . 2 22 55 57 . 10 12 41 . 13 44 1 194 12 20 Gun 334 | . 2 22 35 38 . 10 6 20 . 13 35 . 133 6 14 Cannon 120 | . . . 11 19 . . 6 12 . . 5 . 59 6 2 Launcher 29 | . . . 9 . . . . 9 . . 4 1 2 . 4 Special . | . . . . . . . . . . . . . . . . Kinetic 198 | . 2 22 . 19 . . . 12 . 9 27 . 88 9 10 Thermal 225 | . . . 46 38 . 10 6 8 . 4 8 . 102 3 . Explosive 29 | . . . 9 . . . . 9 . . 4 1 2 . 4 Electromagnetic 31 | . . . . . . . 6 12 . . 5 . 2 . 6 Robot Hit Streak 26 | . 2 9 19 12 . 6 5 23 . 26 8 . 12 6 13 Robot Miss Streak 7 | . . 2 5 7 . 3 3 3 . 4 3 1 5 1 2 Penetration Max 1 | . . . . . . . . . . . . . 1 1 . Secondary Targets . | . . . . . . . . . . . . . . . . Shots Hit Robots 313 | . 2 17 44 39 . 7 7 31 . 6 36 . 104 6 14 Core Hits 199 | . 2 5 38 31 . 3 3 15 . 4 24 4 60 4 6 Critical Kills 1 | . . . 1 . . . . . . . . . . . . Critical Parts Destroyed 3 | . . . . . . . . 1 . . . . 2 . . Critical Strikes 16 | . . . 2 . . 2 2 1 . 1 1 . 7 . . Burn 11 | . . . 1 . . 2 2 . . 1 1 . 4 . . Meltdown 1 | . . . 1 . . . . . . . . . . . . Destroy 3 | . . . . . . . . 1 . . . . 2 . . Blast 1 | . . . . . . . . . . . . . 1 . . Melee Attacks 24 | . . . . 4 . . . 2 . . . . 17 1 . Impact . | . . . . . . . . . . . . . . . . Slashing 24 | . . . . 4 . . . 2 . . . . 17 1 . Piercing . | . . . . . . . . . . . . . . . . Sneak Attacks 2 | . . . . . . . . 2 . . . . . . . Combat Hostiles 2 | . . . . . . . . 2 . . . . . . . Follow-up Attacks . | . . . . . . . . . . . . . . . . Damage Inflicted 10068 | . 20 196 970 579 . 188 227 1528 . 139 1123 298 3848 280 672 Guns 4714 | . 20 196 413 393 . 188 81 287 . 139 501 . 2078 157 261 Cannons 2257 | . . . 144 186 . . 120 356 . . . . 1248 123 80 Explosions 2876 | . . . 413 . . . . 709 . . 622 298 503 . 331 Melee 164 | . . . . . . . . 164 . . . . . . . Ramming 57 | . . . . . . . 26 12 . . . . 19 . . Kinetic 2836 | . 20 196 . 167 . . . 129 . 97 411 . 1385 198 233 Thermal 3596 | . . . 557 412 . 188 81 158 . 42 90 . 1986 82 . Explosive 2812 | . . . 413 . . . . 709 . . 622 298 439 . 331 Electromagnetic 603 | . . . . . . . 120 356 . . . . 19 . 108 Impact . | . . . . . . . . . . . . . . . . Slashing 164 | . . . . . . . . 164 . . . . . . . Piercing . | . . . . . . . . . . . . . . . . Highest Corruption 7 | . . . . . . . . 6 6 6 6 7 1 1 2 Average Corruption 3 | . . . . . . . . 3 6 6 6 6 1 1 1 Corruption Purged . | . . . . . . . . . . . . . . . . Corruption Blocked . | . . . . . . . . . . . . . . . . Effects 57 | . . . . . . . . 2 13 14 5 9 7 4 3 Message Errors 19 | . . . . . . . . 1 4 5 2 2 3 1 1 Matter Fused 15 | . . . . . . . . . 4 3 . 3 1 3 1 Heat Flow Errors 5 | . . . . . . . . . 4 . . . 1 . . Energy Discharges 8 | . . . . . . . . 1 1 2 2 1 1 . . Data Loss (minor) 3 | . . . . . . . . . . 2 . 1 . . . Data Loss (major) 1 | . . . . . . . . . . . . 1 . . . Misfires 3 | . . . . . . . . . . 1 1 . 1 . . Alerts 3 | . . . . . . . . . . 1 . 1 . . 1 Overload Shots . | . . . . . . . . . . . . . . . . Overflow Damage 105 | . . . . 1 . . 27 36 . . 9 1 27 . 4 Projectiles 45 | . . . . 1 . . 27 . . . . . 17 . . Explosions 60 | . . . . . . . . 36 . . 9 1 10 . 4 Melee . | . . . . . . . . . . . . . . . . Knockbacks 3 | . . . . . . . . . . . . . 3 . . Impact . | . . . . . . . . . . . . . . . . Kinetic 3 | . . . . . . . . . . . . . 3 . . Secondary . | . . . . . . . . . . . . . . . . Self-Inflicted Damage 319 | . . . 22 . . . . 40 . . . 9 173 . 75 Shots 11 | . . . 1 . . . . 3 . . . 1 3 . 3 Rammed 5 | . . . . . . . 3 1 . . . . 1 . . Targets Rammed 6 | . . . . . . . 3 1 . . . . 2 . . Kicked . | . . . . . . . . . . . . . . . . Crushed 1 | . . . . . . . . . . . . . 1 . . Highest Temperature 617 | . . 74 315 310 . 9 144 324 197 165 173 . 603 418 617 Average Temperature 116 | . . 42 116 95 . 3 49 83 86 90 81 . 126 195 278 Received Heat Transfer 1221 | . 12 144 195 63 . . 30 48 . . . . 219 63 447 Effects 11 | . . . . . . . . 2 . . . . 5 . 4 Shutdowns 4 | . . . . . . . . . . . . . 2 . 2 Energy Bleed 2 | . . . . . . . . . . . . . 1 . 1 Interference 2 | . . . . . . . . 2 . . . . . . . Matter Decay 2 | . . . . . . . . . . . . . 1 . 1 Damage (minor) 1 | . . . . . . . . . . . . . 1 . . Siege Activations 5 | . . . . . . . . . . 1 2 . 2 . . Total Turns 107 | . . . . . . . . . . 9 55 . 43 . . Longest Duration 35 | . . . . . . . . . . 9 35 . 23 . . Robots Corrupted 1 | . . . . . . . . 1 . . . . . . . Combat Hostiles 1 | . . . . . . . . 1 . . . . . . . Parts Fried 6 | . . . . . . . . 6 . . . . . . . Impact Corruptions . | . . . . . . . . . . . . . . . . Robots Melted 2 | . . . 2 . . . . . . . . . . . . Combat Hostiles 2 | . . . 2 . . . . . . . . . . . . Parts Melted 9 | . . . 5 . . . . . . 1 . . 3 . . Heat Transferred 5022 | . . . 1283 618 . 481 296 259 . 148 296 . 1641 . . Parts Sabotaged . | . . . . . . . . . . . . . . . . Parts Stolen . | . . . . . . . . . . . . . . . . Parts Stripped . | . . . . . . . . . . . . . . . . Power Chain Reactions 1 | . . . . . . . . . . . . . 1 . . Missiles Intercepted . | . . . . . . . . . . . . . . . . Alert | -11 -10 -10 -9 -8 -7 -7 -7 -6 -6 -6 -6 -5 -5 -5 -5 ------- Run | Scr Mat Min Mat Mat Fac Was Fac Fac Low Low Dat Pro Fac Upp Upp Peak Influence 484 | . 30 74 473 409 118 86 392 395 . . . . 484 . . Initial 191 | . . 11 9 138 118 41 60 191 . . . . . . . Average 204 | . 16 54 276 270 118 52 197 222 . . . . 193 . . Maximum Alert Level 2 | . . . 2 2 . . 1 1 . . . . 2 . . Low Security (%) 46 | . 100 100 23 16 100 100 58 45 . . . . 44 . . Level 1 48 | . . . 67 68 . . 41 54 . . . . 50 . . Level 2 4 | . . . 9 15 . . . . . . . . 5 . . Level 3 . | . . . . . . . . . . . . . . . . Level 4 . | . . . . . . . . . . . . . . . . Level 5 . | . . . . . . . . . . . . . . . . High Security . | . . . . . . . . . . . . . . . . Max Security . | . . . . . . . . . . . . . . . . Squads Dispatched 15 | . 2 . 2 . . . 2 3 . . . . 5 . 1 Investigation 2 | . 1 . 1 . . . . . . . . . . . . Extermination 3 | . . . . . . . . 1 . . . . 2 . . Reinforcement 9 | . 1 . 1 . . . 2 2 . . . . 3 . . Assault 1 | . . . . . . . . . . . . . . . 1 Garrison . | . . . . . . . . . . . . . . . . Intercept . | . . . . . . . . . . . . . . . . Searches Triggered . | . . . . . . . . . . . . . . . . Construction Impeded 2 | . . . 1 . . . . . . . . . 1 . . Haulers Reinforced 1 | . . . . . . . 1 . . . . . . . . Active Scanning Responses . | . . . . . . . . . . . . . . . . Cargo Convoy Interrupts . | . . . . . . . . . . . . . . . . Stealth | -11 -10 -10 -9 -8 -7 -7 -7 -6 -6 -6 -6 -5 -5 -5 -5 --------- Run | Scr Mat Min Mat Mat Fac Was Fac Fac Low Low Dat Pro Fac Upp Upp Distress Signals 2 | . . . 1 . . . . 1 . . . . . . . Communications Jammed . | . . . . . . . . . . . . . . . . Distress Signals . | . . . . . . . . . . . . . . . . Times Spotted 144 | . 5 4 18 20 . 5 9 22 . 3 4 6 29 8 11 Peak Tracking Total 9 | . 4 2 8 7 . 2 2 7 . 3 3 4 9 4 9 Tactical Retreats 7 | . . . . 1 . . . 3 . . . . . 1 2 Traps | -11 -10 -10 -9 -8 -7 -7 -7 -6 -6 -6 -6 -5 -5 -5 -5 ------- Run | Scr Mat Min Mat Mat Fac Was Fac Fac Low Low Dat Pro Fac Upp Upp Traps Triggered 7 | . 1 . . . 1 . . 3 . . . . 2 . . Indirectly . | . . . . . . . . . . . . . . . . Trap Hack Attempts . | . . . . . . . . . . . . . . . . Triggered . | . . . . . . . . . . . . . . . . Disarmed 4 | . . . . . . . . 4 . . . . . . . Reprogrammed . | . . . . . . . . . . . . . . . . Reused . | . . . . . . . . . . . . . . . . Traps Extracted . | . . . . . . . . . . . . . . . . Installed . | . . . . . . . . . . . . . . . . Triggered . | . . . . . . . . . . . . . . . . Machines | -11 -10 -10 -9 -8 -7 -7 -7 -6 -6 -6 -6 -5 -5 -5 -5 ---------- Run | Scr Mat Min Mat Mat Fac Was Fac Fac Low Low Dat Pro Fac Upp Upp Machines Disabled 9 | . . . 1 . . . 1 1 . . . . 5 1 . Max in Single Turn 2 | . . . 1 . . . . 1 . . . . 2 1 . Machines Sabotaged . | . . . . . . . . . . . . . . . . Garrisons Compromised . | . . . . . . . . . . . . . . . . Overloaded Fab Kills . | . . . . . . . . . . . . . . . . Hacking | -11 -10 -10 -9 -8 -7 -7 -7 -6 -6 -6 -6 -5 -5 -5 -5 --------- Run | Scr Mat Min Mat Mat Fac Was Fac Fac Low Low Dat Pro Fac Upp Upp Machines Accessed 23 | . . 1 3 5 . . 3 5 . . . . 5 1 . Terminals 17 | . . 1 3 4 . . 1 3 . . . . 5 . . Fabricators 2 | . . . . . . . 1 1 . . . . . . . Repair Stations 3 | . . . . 1 . . 1 1 . . . . . . . Recycling Units . | . . . . . . . . . . . . . . . . Scanalyzers . | . . . . . . . . . . . . . . . . Garrison Access . | . . . . . . . . . . . . . . . . Total Hacks 55 | . . 3 7 13 . . 5 11 . . . . 15 1 . Successful 26 | . . 2 1 5 . . 3 5 . . . . 9 1 . Failed 29 | . . 1 6 8 . . 2 6 . . . . 6 . . Catastrophic 4 | . . 1 . . . . . 1 . . . . 2 . . Database Lockouts . | . . . . . . . . . . . . . . . . Manual 34 | . . 2 7 12 . . . 3 . . . . 10 . . Terminals 47 | . . 3 7 12 . . 1 9 . . . . 15 . . Fabricators 3 | . . . . . . . 2 1 . . . . . . . Repair Stations 4 | . . . . 1 . . 2 1 . . . . . . . Recycling Units . | . . . . . . . . . . . . . . . . Scanalyzers . | . . . . . . . . . . . . . . . . Garrison Access . | . . . . . . . . . . . . . . . . Terminal Hacks 13 | . . 2 . 1 . . 1 3 . . . . 5 1 . Record 1 | . . . . . . . . . . . . . . 1 . Open DSF 1 | . . . . . . . 1 . . . . . . . . Level Access Points 1 | . . . . . . . . 1 . . . . . . . Branch Access Points 2 | . . 1 . . . . . . . . . . 1 . . Unreport Threat 4 | . . . . 1 . . . 1 . . . . 2 . . Locate Traps 1 | . . . . . . . . . . . . . 1 . . Disarm Traps 1 | . . . . . . . . 1 . . . . . . . Zone Layout 2 | . . 1 . . . . . . . . . . 1 . . Fabricator Hacks . | . . . . . . . . . . . . . . . . Repair Station Hacks 2 | . . . . . . . 2 . . . . . . . . Scan Component 1 | . . . . . . . 1 . . . . . . . . Repair 1 | . . . . . . . 1 . . . . . . . . Recycling Unit Hacks . | . . . . . . . . . . . . . . . . Scanalyzer . | . . . . . . . . . . . . . . . . Garrison Access Hacks . | . . . . . . . . . . . . . . . . Unauthorized Hacks 11 | . . . 1 4 . . . 2 . . . . 4 . . Terminals 9 | . . . 1 3 . . . 1 . . . . 4 . . Assimilate 2 | . . . . 1 . . . . . . . . 1 . . Botnet 7 | . . . 1 2 . . . 1 . . . . 3 . . Fabricators 1 | . . . . . . . . 1 . . . . . . . Fabnet 1 | . . . . . . . . 1 . . . . . . . Repair Stations 1 | . . . . 1 . . . . . . . . . . . Mechanics 1 | . . . . 1 . . . . . . . . . . . Recycling Units . | . . . . . . . . . . . . . . . . Scanalyzers . | . . . . . . . . . . . . . . . . Garrison Access . | . . . . . . . . . . . . . . . . Data Cores Recovered 1 | . . . . . . . . . . . . . 1 . . Used 1 | . . . . . . . . . . . . . 1 . . Hacking Detections 20 | . . 1 3 5 . . 1 5 . . . . 5 . . Full Trace Events 1 | . . . 1 . . . . . . . . . . . . Feedback Events . | . . . . . . . . . . . . . . . . Feedback Blocked . | . . . . . . . . . . . . . . . . Robot Schematics Acquired . | . . . . . . . . . . . . . . . . Robots Built . | . . . . . . . . . . . . . . . . Authchips . | . . . . . . . . . . . . . . . . Time . | . . . . . . . . . . . . . . . . Total Robot Build Rating . | . . . . . . . . . . . . . . . . Part Schematics Acquired . | . . . . . . . . . . . . . . . . Parts Built . | . . . . . . . . . . . . . . . . Authchips . | . . . . . . . . . . . . . . . . Time . | . . . . . . . . . . . . . . . . Total Part Build Rating . | . . . . . . . . . . . . . . . . Parts Repaired 1 | . . . . . . . 1 . . . . . . . . Time 62 | . . . . . . . 62 . . . . . . . . Parts Recycled . | . . . . . . . . . . . . . . . . Recycled Matter . | . . . . . . . . . . . . . . . . Retrieved Matter . | . . . . . . . . . . . . . . . . Retrieved Components . | . . . . . . . . . . . . . . . . Parts Scanalyzed . | . . . . . . . . . . . . . . . . Part Schematics Acquired . | . . . . . . . . . . . . . . . . Parts Damaged . | . . . . . . . . . . . . . . . . Bothacking | -11 -10 -10 -9 -8 -7 -7 -7 -6 -6 -6 -6 -5 -5 -5 -5 ------------ Run | Scr Mat Min Mat Mat Fac Was Fac Fac Low Low Dat Pro Fac Upp Upp Used RIF Installer . | . . . . . . . . . . . . . . . . Robots Hacked 1 | . . . . . . . . . . . . . . . 1 Non-combat . | . . . . . . . . . . . . . . . . Combat 1 | . . . . . . . . . . . . . . . 1 Robot Hacks Applied . | . . . . . . . . . . . . . . . . Relay Couplers Released . | . . . . . . . . . . . . . . . . Fabnet Peak Effective % 3 | . . . . . . . . . . . . 3 3 3 3 Autooverrided 1 | . . . . . . . . . . . . . . . 1 Robots Rewired . | . . . . . . . . . . . . . . . . Allies Hacked . | . . . . . . . . . . . . . . . . Hacks Repelled . | . . . . . . . . . . . . . . . . Allies | -11 -10 -10 -9 -8 -7 -7 -7 -6 -6 -6 -6 -5 -5 -5 -5 -------- Run | Scr Mat Min Mat Mat Fac Was Fac Fac Low Low Dat Pro Fac Upp Upp Total Allies 22 | . . . . 1 . 20 . . . . . . . . 1 Largest Group 20 | . . . . 1 . 20 13 2 . . . . . . 1 Highest-Rated Group 506 | . . . . 10 . 506 387 53 . . . . . . 29 Highest-Rated Ally 35 | . . . . 10 . 35 35 27 . . . . . . 29 Total Orders . | . . . . . . . . . . . . . . . . Ally Attacks 190 | . . . . . . 139 49 . . . . . . . 2 Total Damage 5975 | . . . . . . 4685 1270 . . . . . . . 20 Kills 22 | . . . . . . 11 11 . . . . . . . . Allies Corrupted . | . . . . . . . . . . . . . . . . Allies Melted . | . . . . . . . . . . . . . . . . Intel | -11 -10 -10 -9 -8 -7 -7 -7 -6 -6 -6 -6 -5 -5 -5 -5 ------- Run | Scr Mat Min Mat Mat Fac Was Fac Fac Low Low Dat Pro Fac Upp Upp Robot Analysis Total 128 | . . . . . . . . . . . 128 . . . . Derelict Logs Recovered 1 | . . . . . . . . . . . . 1 . . . Drone Launches . | . . . . . . . . . . . . . . . . Drone Recoveries . | . . . . . . . . . . . . . . . . Exploration | -11 -10 -10 -9 -8 -7 -7 -7 -6 -6 -6 -6 -5 -5 -5 -5 ------------- Run | Scr Mat Min Mat Mat Fac Was Fac Fac Low Low Dat Pro Fac Upp Upp Turns Passed 7005 | . 103 110 679 394 46 254 372 1098 434 537 260 479 1355 488 396 Spaces Moved 3736 | 1 71 65 413 237 37 157 186 591 264 324 110 297 527 243 213 Core 5 | . . . . . . . . . . . . . . . 5 Treads 1991 | . . . . . . 35 186 591 264 324 110 297 184 . . Legs 1631 | 1 71 56 338 237 37 122 . . . . . . 318 243 208 Wheels 109 | . . 9 75 . . . . . . . . . 25 . . Hover . | . . . . . . . . . . . . . . . . Flight . | . . . . . . . . . . . . . . . . Fastest Speed 50 | 120 120 100 100 120 120 120 160 160 160 160 160 160 160 190 50 Average Speed 155 | 120 120 117 122 120 120 131 160 160 160 160 160 160 181 190 167 Slowest Speed 240 | 120 120 120 190 120 120 190 160 160 160 160 160 160 240 190 190 Overloaded Moves . | . . . . . . . . . . . . . . . . Propulsion Burnouts . | . . . . . . . . . . . . . . . . Robots Hopped . | . . . . . . . . . . . . . . . . Cave-ins Triggered . | . . . . . . . . . . . . . . . . Exploration Rate (%) 35 | 2 18 14 35 26 1 87 8 22 51 52 76 62 16 51 44 Regions Visited 15 Branch Regions 7 Pre-discovered Areas 31 | . . . . . . . . . . . 31 . . . . Known Exits Taken 6 | . . . . . . . . . 1 1 1 1 1 1 . Unknown Exits Taken 7 | 1 1 1 1 1 . . 1 1 . . . . . . . Scrap Searched 4 | . . . . . . . . . . 2 . . . 1 1 Spaces Dug 20 | . . . . 4 . . . . . . . . 16 . . Terrain Destroyed 273 | . . . 34 4 . . . 55 . 1 15 23 90 5 46 Melee 19 | . . . . 4 . . . . . . . . 15 . . Projectile 36 | . . . . . . . . . . . . . 31 5 . AOE 216 | . . . 34 . . . . 55 . . 14 23 44 . 46 Terrain Rammed . | . . . . . . . . . . . . . . . . Walls Destroyed . | . . . . . . . . . . . . . . . . Machines Disabled . | . . . . . . . . . . . . . . . . Actions | -11 -10 -10 -9 -8 -7 -7 -7 -6 -6 -6 -6 -5 -5 -5 -5 --------- Run | Scr Mat Min Mat Mat Fac Was Fac Fac Low Low Dat Pro Fac Upp Upp Total 4534 | . 87 78 537 301 39 199 246 709 275 334 160 299 765 263 242 Wait 298 | . 9 . 44 19 . 17 35 44 10 5 9 . 99 1 6 Move 3722 | . 70 64 412 236 37 156 185 590 263 323 109 296 526 242 213 Hop . | . . . . . . . . . . . . . . . . Pick Up 83 | . 4 . 12 4 1 3 11 16 . 1 9 . 16 5 1 Fast Attach 27 | . 1 1 7 3 . 3 1 2 . . . . 8 1 . Attach 38 | . . . 5 1 1 1 . 5 . . 8 . 8 . 9 Detach 11 | . . . 1 1 . 1 . 1 . . 2 . . . 5 Swap 61 | . . 1 9 5 . 2 3 9 2 . 3 2 21 3 1 Drop 87 | . 2 1 14 9 . 11 2 15 . 1 4 . 19 7 2 Fire 177 | . 1 11 33 19 . 5 6 24 . 4 16 1 49 3 5 Melee 24 | . . . . 4 . . . 2 . . . . 17 1 . Ram . | . . . . . . . . . . . . . . . . Kick . | . . . . . . . . . . . . . . . . Crush 6 | . . . . . . . 3 1 . . . . 2 . . Escape Stasis . | . . . . . . . . . . . . . . . . Rewire . | . . . . . . . . . . . . . . . . Trap . | . . . . . . . . . . . . . . . . Miscellaneous . | . . . . . . . . . . . . . . . . Route ------- -11/Scrapyard -10/Materials -10/Mines -9/Materials -8/Materials (discovered 2 exits: [*Fac] / [*Sto]) -7/Factory -7/Waste -7/Factory -6/Factory (discovered 5 exits: Fac x4 / [*Low]) -6/Lower Caves -6/Lower Caves (discovered 2 exits: *Fac / *Dat) -6/Data Miner -5/Proximity Caves -5/Factory (discovered 4 exits: *Upp x2 / Ext x2) -5/Upper Caves -5/Upper Caves History --------- Turn | Location | Event 1 | -11/Scrapyard | Discovered new exit (range 0) 1 | -11/Scrapyard | Entered Materials 73 | -10/Materials | Discovered new exit (range 6) 104 | -10/Materials | Entered Mines 152 | -10/Mines | Discovered new exit (range 14) 192 | -10/Mines | Assembled infested the area 211 | -10/Mines | Core integrity fell below 50% 213 | -10/Mines | Core integrity fell below 20% 214 | -10/Mines | Entered Materials 214 | -9/Materials | Evolved 2 slots: Propulsion x1, Utility x1 243 | -9/Materials | Lost 5 parts (1p1n1u2w) 344 | -9/Materials | Build established: Mutant 859 | -9/Materials | Discovered new exit (range 8) 893 | -9/Materials | Entered another Materials area 893 | -8/Materials | Evolved 2 slots: Utility x1, Weapon x1 903 | -8/Materials | Discovered new exit (range 16) 1173 | -8/Materials | Build established: Scavenger-Gunner 1199 | -8/Materials | Discovered new exit (range 5) 1287 | -8/Materials | Entered Factory 1287 | -7/Factory | Evolved 2 slots: Propulsion x1, Utility x1 1333 | -7/Factory | Sucked down chute 1333 | -7/Factory | Entered Waste 1334 | -7/Waste | Met a frightened Derelict 1358 | -7/Waste | Warlord forces began an assault 1420 | -7/Waste | Spotted C-40 Crusher 1427 | -7/Waste | Allies destroyed C-40 Crusher 1440 | -7/Waste | Spotted C-40 Crusher 1448 | -7/Waste | Spotted C-40 Crusher 1448 | -7/Waste | Spotted C-40 Crusher 1456 | -7/Waste | Allies destroyed C-40 Crusher 1457 | -7/Waste | Allies destroyed C-40 Crusher 1494 | -7/Waste | Spotted C-40 Crusher 1496 | -7/Waste | Allies destroyed C-40 Crusher 1542 | -7/Waste | Discovered new exit (range 16) 1587 | -7/Waste | Entered Factory 1587 | -7/Factory | Accompanied by 13 allies 1821 | -7/Factory | Repaired Hvy. Disruptor Cannon 1906 | -7/Factory | Discovered new exit (range 8) 1959 | -7/Factory | Entered another Factory area 1959 | -6/Factory | Accompanied by 2 allies 1959 | -6/Factory | Evolved 2 slots: Utility x2 2133 | -6/Factory | Build established: Scavenger-Tank 2263 | -6/Factory | Spotted B-75 Beast 2332 | -6/Factory | Identified exit to Factory 3035 | -6/Factory | Discovered new exit (range 15) 3057 | -6/Factory | Entered Lower Caves 3290 | -6/Lower Caves | Encountered a Warlord checkpoint 3480 | -6/Lower Caves | Discovered new exit (range 8) 3490 | -6/Lower Caves | Identified exit to Lower Caves 3491 | -6/Lower Caves | Entered another Lower Caves area 3565 | -6/Lower Caves | Discovered exit to Factory (range 9) 4020 | -6/Lower Caves | Discovered new exit (range 6) 4026 | -6/Lower Caves | Identified exit to Data Miner 4028 | -6/Lower Caves | Entered Data Miner 4028 | -6/Data Miner | Discovered new exit (range 6) 4059 | -6/Data Miner | Met Data Miner 4081 | -6/Data Miner | Interfaced with the Data Conduit 4184 | -6/Data Miner | Lost 4 parts (1p3u) 4286 | -6/Data Miner | Identified exit to Proximity Caves 4288 | -6/Data Miner | Entered Proximity Caves 4428 | -5/Proximity Caves | Spotted B-75 Beast 4764 | -5/Proximity Caves | Discovered exit to Factory (range 3) 4767 | -5/Proximity Caves | Entered Factory 4767 | -5/Factory | Evolved 2 slots: Utility x1, Weapon x1 4768 | -5/Factory | Loaded intel: 280 machine locations 5618 | -5/Factory | Identified exit to Upper Caves 5618 | -5/Factory | Identified exit to Extension 5786 | -5/Factory | Build established: Scavenger-Gunner 6122 | -5/Factory | Entered Upper Caves 6401 | -5/Upper Caves | Build established: Scavenger-Skirmisher 6518 | -5/Upper Caves | Found Alien Artifact 6568 | -5/Upper Caves | Discovered new exit (range 14) 6589 | -5/Upper Caves | Identified exit to Upper Caves 6606 | -5/Upper Caves | Attracted the attention of an 0b10 base 6610 | -5/Upper Caves | Entered another Upper Caves area 6734 | -5/Upper Caves | Lost 3 parts (1n2w) 6903 | -5/Upper Caves | Attracted the attention of an 0b10 outpost 6941 | -5/Upper Caves | Spotted B-75 Beast 7000 | -5/Upper Caves | Released all parts (8) 7004 | -5/Upper Caves | Core integrity fell below 50% 7004 | -5/Upper Caves | Identified Dimensional Node Initializer 7004 | -5/Upper Caves | Initialized slip node 7006 | -5/Upper Caves | Core destroyed Last Messages --------------- 07000_ Released Hcp. Storage Unit. 07000_ Released Adv. Signal Interpreter. 07000_ Released Imp. Hacking Suite. 07000_ Released Carbon-fiber Leg. 07000_ Released Lyr. Medium Armor Plating. 07000_ Released Flexi-carbon Leg. 07001_ Dropped Adv. Cooling System. 07002_ Acquired Alien Artifact. 07002_ G-50 Soldier destroyed. 07003_ Penetrated by Slug. 07004_ Identified Dimensional Node Initializer. 07004_ Initializer activates and latches into the ground. 07005_ Critical hit (Burn: +37). 07005_ Knocked back. 07006_ Dimensional Slip Node implodes. 07006_ Penetrated by Slug. 07006_ Slug penetrates Earth. 07006_ Y-72 Warden destroyed. 07006_ L-41 Fighter destroyed. 07006_ B-75 Beast destroyed. Map ----- +----------------------------------------------------+ | ?????????????????????????????????????????????????? | | ?????????????????????????????????????????????????? | | ?????????????????????????????????????????????????? | | ?????????????????????????????????????????????????? | | ?????????????????????????????????????????????????? | | ???????????????????????????? ????????????????????? | | ??????????????????????????? ?????????????????? | | ??????????????????????????? ???????????????? | | ??????????????????????????? ##?????????????? | | ??????????????????????????? #?????????? ??? | | ???????????????????????###? ??????????? ??? | | ??????????????????????## ## ???????????? ??? | | ???????????????????#### ????????????? ??? | | ???????????????????# #?????????????? ??? | | ???????????????????? #??????????????? ??? | | ????????????????###?? #???????????????? ??? | | ???????????????## ##?# #????????????????# #?? | | ????????????#### ### ##???????###?????# #?? | | ??????????### ####????# ##????# #?? | | ??????????# #????# ###??# #?? | | ??????????# # #### ##???## #??# #?? | | ??????????## ## ####??## ###????# #??# #?? | | ???????????##### #??????## #??????# #???# #?? | | ?????????????# #?????### ##?????# #???# #?? | | ?????????????# #####????# # #????## ##### ### | | ????????????## ## ######@ ##??## | | ???????????## % # ! ;#??# ## | | ?????????### % !! [ %#### ### ###### | | ?????????# ;; #?# ##?? | | ?????????# = #?## #?? | | ?????????##### % ### #?? | | ????????????## ### #?? | | ????????????# % ####??# | | ???????????# % ;##?????# | | ??????????#" ##???????# ## ### | | ??????????### ##????????# ## ### ##?? | | ????????????####?????????## #### ##?######??? | | ??????????????????????????####??#######??????????? | | ?????????????????????????????????????????????????? | | ?????????????????????????????????????????????????? | | ?????????????????????????????????????????????????? | | ?????????????????????????????????????????????????? | | ?????????????????????????????????????????????????? | | ?????????????????????????????????????????????????? | | ?????????????????????????????????????????????????? | | ?????????????????????????????????????????????????? | | ?????????????????????????????????????????????????? | | ?????????????????????????????????????????????????? | | ?????????????????????????????????????????????????? | | ?????????????????????????????????????????????????? | +----------------------------------------------------+ Best States ------------- Heat Dissipation 87 Energy Generation 21 Energy Capacity 325 Matter Stores 300 Matter Capacity 300 Sight Range 16 Robot Scan Range 15 Terrain Scan Density 10 Armor Coverage 1650 Resistance: KI 20 Resistance: TH 20 Resistance: EX 50 Evasion (%) 55 Core Analysis 6 Recoil Reduction 4 Offensive Hacking 22 Item Schematics ----------------- None Robot Schematics ------------------ None Fabricated ------------ Nothing Alien Tech Used ----------------- Dimensional Node Initializer Achievements -------------- Unlimited Data Challenges ------------ None Game ------ Seed SwordClaymoresWarhead Manual? 0 Play Time 01:26:37 Cumulative 80.6 hours Start 2022.03.18 @ 13:32:13 End 2022.03.18 @ 14:58:04 Sessions 1 Manual Loads 0 Difficulty Rogue Special Mode None Game No. 43 Rogue 41 Adventurer 2 Explorer 0 Win Type - Total 3 Types 3/0/0/0/0/0/0/0/0 Lore% 52 Gallery% 63 Achievement% 51 Wizard Run 0 Options --------- ASCII 0 Keyboard 0 Movement Numpad Keybinds 0 Fullscreen 2 Font 24/Smallcaps Map View 76x50 Tactical HUD 1 Map Filters NONE Filters NONE Steam 1 RUN: 550fe72e-13f5-4743-abd2-fb11868186fa